Map: Newkirk Precinct TE (Void)

Players

ByuN - Winner!

  • Race: Terran Terran
  • Spawn Location: 7:00

iAsonu

  • Race: Zerg Zerg
  • Spawn Location: 5:00

Event: IEM Season 11 - Gyeonggi

VOD

Have the link to the VOD?

Description

Time

  • Played on: Dec. 14, 2016, 1:29 a.m.
  • Length: 14:01

All games in this series

Show
View Real Time Build Order
Export as new Build Order

ByuN Terran - Winner!

Build Orders: Reaper Expand, MMM Bio, Banshee Rush 

Get SALT Encoding   

  12  0:00  SCV  
  13  0:12  SCV  
  14  0:17  Supply Depot  
  14  0:24  SCV  
  15  0:29  Refinery  
  15  0:38  SCV  
  16  0:45  Barracks  
  16  0:51  SCV  
  17  1:03  SCV  
  18  1:15  SCV  
  19  1:31  Orbital Command, Reaper  
  20  1:43  Command Center  
  20  1:53  Factory  
  20  1:57  SCV  
  21  2:03  Refinery  
  21  2:06  Barracks Reactor  
  21  2:09  SCV  
  22  2:17  Supply Depot  
  22  2:21  SCV  
  23  2:38  Starport  
  23  2:39  SCV  
  24  2:45  Hellion  
  24  2:46  Hellion  
  24  2:49  Barracks Tech Lab  
  28  2:52  SCV  
  28  2:58  Orbital Command  
  29  3:04  SCV  
  30  3:10  Hellion  
  30  3:11  Hellion  
  34  3:17  SCV  
  34  3:19  Cloaking Field  
  35  3:25  Banshee  
  38  3:33  SCV x2  
  40  3:45  SCV x2  
  40  3:46  Supply Depot, Factory Tech Lab  
  42  3:48  Marine, Supply Depot  
  42  3:49  Marine  
  44  3:57  SCV x2  
  46  4:09  Command Center  
  46  4:12  SCV x2  
  48  4:18  Banshee  
  52  4:24  SCV x2, Factory Reactor  
  52  4:31  Marine  
  54  4:33  Stimpack  
  54  4:36  Barracks  
  54  4:40  Barracks  
  54  4:44  SCV x2  
  56  4:55  Supply Depot  
  56  4:56  Marine, SCV x2  
  59  5:03  Engineering Bay  
  59  5:04  Engineering Bay  
  59  5:08  SCV x2  
  59  5:12  Factory Reactor  
  59  5:13  Starport Reactor  
  59  5:14  Marine  
  61  5:19  Supply Depot  
  61  5:20  SCV x2  
  64  5:21  Refinery  
  64  5:23  Refinery  
  64  5:24  Orbital Command  
  61  5:32  Marine, SCV x2  
  61  5:35  Terran Infantry Armor Level 1, Terran Infantry Weapons Level 1  
  64  5:44  Marine x3, SCV x2  
  64  5:49  Marine  
  69  5:51  Orbital Command  
  70  5:58  Medivac x2  
  70  6:02  SCV x2  
  76  6:04  Barracks  
  76  6:05  Barracks  
  76  6:07  Marine  
  76  6:09  Widow Mine x2  
  81  6:12  Marine x4  
  81  6:14  SCV x2  
  81  6:18  SCV  
  88  6:20  Supply Depot  
  88  6:21  Supply Depot  
  88  6:25  Marine  
  89  6:26  SCV  
  89  6:27  SCV  
  89  6:30  SCV  
  92  6:39  SCV  
  93  6:42  SCV x2, Medivac x2  
  93  6:45  Marine x4, Supply Depot  
  93  6:46  Marine, Supply Depot, Missile Turret  
  104  6:50  Siege Tank  
  104  6:51  SCV  
  104  6:52  Barracks Reactor  
  108  6:56  Armory  
  108  7:01  Marine  
  108  7:05  Supply Depot  
  108  7:07  Marine x4, SCV x3  
  116  7:08  Supply Depot  
  116  7:09  Supply Depot  
  116  7:13  Refinery  
  116  7:22  Marine x3, Siege Tank  
  122  7:25  Marine x3  
  122  7:26  Marine, Liberator x2  
  125  7:32  Supply Depot  
  125  7:33  Supply Depot  
  125  7:36  Marine x2  
  127  7:40  Marine  
  127  7:44  Marine x5  
  129  7:46  Terran Infantry Weapons Level 2  
  129  7:48  SCV x2  
  129  7:49  SCV  
  129  7:50  Missile Turret  
  136  7:54  Siege Tank  
  136  7:57  Terran Infantry Armor Level 2  
  137  7:59  Marine  
  137  8:00  Marine x3  
  137  8:04  Marine x3  
  137  8:05  Marine x2  
  146  8:07  Supply Depot  
  146  8:08  Supply Depot  
  146  8:10  Terran Vehicle Weapons Level 1  
  145  8:17  Marine x2  
  145  8:18  Marine x2  
  147  8:22  Marine x3  
  147  8:23  Marine x2  
  152  8:27  Factory  
  152  8:29  SCV x3  
  152  8:31  Refinery  
  152  8:32  Combat Shields  
  155  8:35  Marine  
  155  8:38  Marine x3  
  155  8:40  Marine x5  
  164  8:44  Supply Depot  
  164  8:45  Supply Depot  
  164  8:53  Marine  
  165  9:02  Marine x7  
  170  9:03  Marine  
  170  9:06  Siege Tank  
  176  9:11  Marine  
  176  9:13  Barracks x2  
  176  9:14  Barracks  
  177  9:19  Marine x2  
  177  9:20  Marine x6  
  177  9:22  Medivac  
  187  9:27  Medivac  
  187  9:29  Marine  
  190  9:37  Marine x2  
  184  9:42  Marine x4  
  184  9:43  Marine x2  
  184  9:45  Siege Tank  
  185  9:46  Marine  
  185  9:47  Factory Tech Lab  
  185  9:51  Command Center  
  183  10:00  Unknown  
  183  10:01  Marauder  
  183  10:05  Unknown  
  182  10:12  Marine x7  
  182  10:13  Marine, Siege Tank  
  190  10:14  Unknown  
  190  10:15  Unknown x4  
  190  10:17  Siege Tank  
  190  10:19  Medivac x2  
  189  10:22  Marauder  
  189  10:24  Barracks Tech Lab x2  
  191  10:29  Marine  
  191  10:30  Marine x4, Barracks Tech Lab  
  196  10:37  Sensor Tower  
  196  10:43  Terran Infantry Armor Level 3, Terran Infantry Weapons Level 3  
  196  10:51  Marauder  
  196  10:54  Concussive Shells  
  196  10:57  Terran Vehicle Weapons Level 2  
  197  10:59  Marauder  
  199  11:13  Marauder  
  199  11:15  Marauder  
  199  11:18  Siege Tank  
  198  11:29  Medivac x2  
  198  11:31  Marauder x2  
  200  11:38  Marauder  
  198  11:42  Marauder  
  198  11:45  Marine  
  198  11:46  Marine x4  
  198  11:47  Siege Tank  
  197  11:50  Siege Tank  
  197  11:53  Marauder  
  200  11:59  Marine x2, Marauder  
  195  12:02  Marine x2  
  195  12:03  Marine  
  195  12:06  Marine  
  165  12:09  Marine x2  
  165  12:11  Marine  
  165  12:12  Marine  
  165  12:14  Marauder  
  151  12:17  Marine  
  151  12:19  Planetary Fortress, Siege Tank  
  151  12:20  Marauder  
  151  12:21  Marauder x2  
  159  12:26  Marine x3  
  160  12:33  Marine  
  160  12:36  Marauder, Bunker  
  158  12:38  Marine x2, Bunker  
  158  12:42  Marauder x3  
  164  12:46  Siege Tank  
  164  12:49  Missile Turret  
  167  12:57  Marauder, Marine  
  167  12:58  Marine x6  
  176  12:59  Marine, Unknown x6  
  176  13:00  Unknown  
  176  13:03  Marine, Marauder  
  176  13:04  Marauder  
  182  13:18  Marauder  
  179  13:21  Marauder  
  179  13:23  Command Center  
  179  13:24  Marine x6, Marauder  
  179  13:25  Marauder  
  188  13:28  Marine  
  188  13:29  Marine  
  190  13:40  Marauder  
  196  13:42  Marine x2  
Show
View Real Time Build Order
Export as new Build Order

iAsonu Zerg 

Build Orders: Pool First 

Get SALT Encoding   

  12  0:00  Drone  
  13  0:13  Overlord  
  13  0:18  Drone  
  14  0:32  Drone x2  
  16  0:35  Drone  
  17  0:46  Spawning Pool  
  17  0:49  Drone  
  17  1:11  Hatchery  
  16  1:12  Drone  
  16  1:15  Drone  
  18  1:19  Drone  
  19  1:26  Extractor  
  19  1:28  Drone  
  19  1:33  Queen  
  19  1:39  Drone  
  22  1:50  Overlord  
  22  2:08  Zergling x2  
  23  2:09  Queen  
  23  2:14  Drone  
  26  2:22  Hatchery  
  25  2:28  Metabolic Boost  
  25  2:30  Drone  
  25  2:31  Drone  
  27  2:37  Drone  
  27  2:44  Queen  
  28  2:47  Drone  
  28  2:51  Drone  
  32  2:53  Drone  
  32  2:58  Overlord  
  33  3:01  Drone  
  33  3:03  Drone  
  33  3:05  Drone  
  36  3:18  Zergling x8  
  36  3:19  Drone  
  41  3:20  Drone  
  41  3:24  Drone x2  
  44  3:36  Queen  
  44  3:38  Lair  
  44  3:39  Overlord  
  46  3:43  Queen  
  46  3:47  Drone  
  49  3:48  Drone  
  49  3:54  Overlord  
  50  3:59  Drone x2  
  50  4:00  Drone  
  50  4:01  Drone, Spore Crawler  
  53  4:03  Drone  
  53  4:08  Drone  
  55  4:11  Spore Crawler, Overlord  
  55  4:16  Drone  
  55  4:19  Spore Crawler  
  55  4:21  Drone  
  55  4:27  Drone x2  
  55  4:28  Drone x2  
  55  4:29  Drone  
  60  4:31  Drone  
  60  4:33  Drone  
  60  4:34  Drone  
  60  4:37  Overlord  
  63  4:39  Drone  
  63  4:40  Drone x2  
  63  4:42  Drone  
  63  4:43  Overseer  
  67  4:50  Drone  
  67  4:52  Overlord  
  68  4:54  Spore Crawler  
  68  4:57  Evolution Chamber x2  
  68  4:58  Drone  
  65  5:00  Drone x2  
  65  5:02  Drone  
  65  5:04  Drone  
  65  5:06  Extractor x2  
  67  5:12  Roach Warren  
  67  5:13  Drone x2  
  67  5:15  Drone  
  67  5:16  Drone x2  
  67  5:18  Drone  
  67  5:21  Overlord  
  70  5:22  Drone  
  70  5:25  Spore Crawler  
  70  5:27  Drone  
  70  5:28  Drone  
  73  5:39  Drone  
  73  5:40  Drone  
  73  5:41  Zerg Missile Weapons Level 1  
  72  5:43  Drone x3  
  72  5:45  Drone x2  
  72  5:48  Drone x3  
  80  5:52  Glial Reconstitution  
  80  5:54  Overlord, Extractor  
  80  5:55  Extractor  
  78  5:57  Drone x3  
  78  5:59  Overlord  
  78  6:00  Extractor  
  80  6:04  Overlord  
  80  6:10  Roach x4  
  80  6:11  Roach  
  90  6:13  Overlord  
  90  6:24  Drone, Overlord  
  91  6:27  Overseer  
  91  6:30  Overlord  
  91  6:32  Zerg Ground Armor Level 1  
  91  6:33  Overlord  
  91  6:39  Roach x6  
  101  6:41  Overlord  
  101  6:42  Overseer  
  101  6:45  Drone x3  
  104  6:52  Overlord  
  104  6:58  Overlord, Hatchery  
  104  7:00  Roach  
  104  7:01  Roach x3  
  111  7:05  Overlord  
  110  7:11  Roach x5  
  120  7:22  Overlord  
  120  7:24  Infestation Pit  
  120  7:28  Overlord  
  117  7:31  Roach x7  
  117  7:32  Overlord  
  127  7:41  Overlord  
  127  7:44  Overlord  
  125  7:48  Roach, Overseer  
  127  7:54  Ravager x7  
  134  8:00  Zerg Melee Weapons Level 1  
  134  8:02  Drone x7  
  134  8:03  Queen  
  134  8:04  Drone  
  144  8:12  Drone x2  
  146  8:16  Drone  
  146  8:17  Drone  
  145  8:20  Extractor  
  145  8:22  Roach x4  
  145  8:24  Drone  
  155  8:27  Roach x5  
  155  8:29  Burrow  
  163  8:36  Extractor  
  163  8:39  Zerg Ground Armor Level 2  
  162  9:00  Infestor x2  
  162  9:02  Hive  
  166  9:06  Roach x3  
  172  9:13  Queen  
  172  9:16  Spore Crawler  
  173  9:25  Overlord  
  166  9:32  Roach x4  
  166  9:33  Roach x4  
  176  9:41  Drone  
  176  9:42  Drone x12  
  160  10:07  Roach x4  
  160  10:08  Roach x7  
  169  10:18  Roach x4  
  169  10:19  Roach x2  
  175  10:31  Infestor x2  
  175  10:32  Hatchery  
  175  10:34  Ravager  
  179  10:38  Roach x4  
  187  10:51  Ravager x2  
  189  10:57  Ravager  
  190  11:04  Zerg Melee Weapons Level 2  
  190  11:05  Zerg Ground Armor Level 3  
  179  11:29  Zergling x2  
  179  11:30  Zergling x20  
  180  11:48  Roach x4, Zergling x8  
  180  11:49  Pneumatized Carapace  
  125  12:09  Roach x3  
  109  12:17  Drone x3  
  109  12:20  Roach x8  
  114  12:27  Drone x3  
  111  12:40  Drone x4  
  111  12:45  Roach  
  111  12:46  Roach x4, Zergling x2  
  111  12:47  Roach x3  
  111  12:50  Queen  
  130  12:52  Hatchery  
  129  13:05  Drone x3  
  131  13:06  Drone  
  131  13:07  Queen  
  131  13:11  Queen  
  137  13:19  Roach x6  
  151  13:20  Roach  
  151  13:22  Ravager x2  
  151  13:23  Ravager x5  
  140  13:35  Roach x3  

Tags
 
Add a new tag
Caveats
  • Supply blocks, unpowered buildings, or Contaminate may cause inaccurate times.
  • Supply counts are checked every 10 seconds.